 Dungeon Crawl Stone Soup version 0.20-a0-854-g0cc194a (console) character file.

1042 nht the Cleaver (level 8, -12/62 HPs)
             Began as a Hill Orc Gladiator on Mar 11, 2017.
             Was a Believer of Okawaru.
             Mangled by an ogre
             ... wielding a +0 giant club
              (16 damage)
             ... on level 6 of the Dungeon.
             The game lasted 00:03:50 (4282 turns).

nht the Cleaver (Hill Orc Gladiator)                Turns: 4282, Time: 00:03:51

Health: -12/62     AC: 11    Str: 19    XL:     8   Next: 25%
Magic:  8/8        EV: 10    Int:  8    God:    Okawaru [**....]
Gold:   300        SH:  0    Dex: 12    Spells: 7/7 levels left

rFire    + . .     SeeInvis .   a - +0 war axe
rCold    . . .     Gourm    .   l - +2 scale mail {rF+}
rNeg     . . .     Faith    .   (no shield)
rPois    .         Spirit   .   c - +0 helmet
rElec    .         Reflect  .   w - +0 cloak
rCorr    .         Harm     .   h - +0 pair of gloves
MR       .....                  (no boots)
Stlth    ..........             (no amulet)
Regen    0.2/turn               (no ring)
MPRegen  0.2/turn               (no ring)

@: no status effects
A: no striking features
a: Heroism, Renounce Religion


You were on level 6 of the Dungeon.
You worshipped Okawaru.
Okawaru was pleased with you.
You were not hungry.

You visited 1 branch of the dungeon, and saw 6 of its levels.

You collected 300 gold pieces.

Inventory:

Hand Weapons
 a - a +0 war axe (weapon)
Missiles
 d - 3 throwing nets (quivered)
 t - 11 tomahawks
Armour
 c - a +0 helmet (worn)
 h - a +0 pair of gloves (worn)
 l - a +2 scale mail of fire resistance (worn)
 w - a +0 cloak (worn)
Wands
 g - a wand of enslavement (8/24)
 s - a wand of acid (3/15)
 u - a wand of confusion (26/48)
Scrolls
 e - a scroll of fog {unknown}
 i - 3 scrolls of enchant armour {unknown}
 j - 5 scrolls of identify {unknown}
 k - 2 scrolls of teleportation {unknown}
 m - a scroll of immolation {unknown}
 o - a scroll of magic mapping {unknown}
 p - 2 scrolls of recharging {unknown}
 q - 2 scrolls of blinking {unknown}
Potions
 n - 3 potions of brilliance
 v - a potion of magic {unknown}
Comestibles
 b - 2 fruits
 f - 4 bread rations
 r - a meat ration
 x - 6 chunks of flesh


   Skills:
 - Level 2.4 Fighting
 + Level 12.4 Axes
 - Level 1.7 Throwing
 - Level 2.4 Dodging


You had 7 spell levels left.
You didn't know any spells.

Dungeon Overview and Level Annotations

Branches:
Dungeon (6/15)             Temple (0/1) D:4

Altars:
Okawaru
Yredelemnul


Message History

The ogre is moderately wounded.
The ogre hits you with a giant club.
An ogre is nearby!
You slash the ogre!
The ogre is almost dead.
The ogre hits you with a giant club!
You barely miss the ogre.
The ogre is almost dead.
You barely miss the ogre.
The ogre is almost dead.
The ogre hits you with a giant club!!
* * * LOW HITPOINT WARNING * * *
An ogre is nearby!
You are too injured to fight recklessly!
An ogre is nearby!
You are too injured to fight recklessly!
You hit the ogre but do no damage.
The ogre is almost dead.
The ogre hits you with a giant club!
You die...

.........█
█.█
████████.█
█.██ ..
█.█ █..█
██ █.█
██.█ ..█
█.██ ..
█..█ ██.██
█..█


██@█ █O█ █.█ ██████ ... █....█ █.. ██.██.███ ██.█ ........█ .. ........█ █.
........█ You could see an ogre.

Vanquished Creatures
  Grinder (D:3)
  A water moccasin (D:6)
  2 phantoms (D:4)
  A bullfrog (D:6)
  A scorpion (D:6)
  An orc priest (D:4)
  A hound (D:5)
  A bullfrog skeleton (D:5)
  A centaur skeleton (D:4)
  Terence (D:3)
  4 worker ants
  A hound skeleton (D:5)
  7 adders
  2 shadow imps (D:6)
  3 oozes
  2 worms
  2 dart slugs
  2 leopard geckos
  14 orcs
  3 ball pythons
  10 bats
  7 giant cockroaches
  10 hobgoblins
  10 jackals
  5 kobolds
  6 frilled lizards
  7 goblins
  A jackal skeleton (D:5)
  A leopard gecko skeleton (D:4)
  A leopard gecko zombie (D:6)
  5 rats
114 creatures vanquished.

Notes
Turn   | Place    | Note
-------+----------+-------------------------------------------
     0 | D:1      | nht the Hill Orc Gladiator began the quest for the Orb.
     0 | D:1      | Reached XP level 1. HP: 18/18 MP: 1/1
   259 | D:1      | Reached XP level 2. HP: 16/25 MP: 2/2
   384 | D:1      | Reached skill level 5 in Axes
   729 | D:1      | Reached XP level 3. HP: 28/30 MP: 3/3
  1070 | D:2      | You fall through a shaft!
  1470 | D:3      | Reached skill level 6 in Axes
  1543 | D:2      | Reached XP level 4. HP: 35/37 MP: 4/4
  1864 | D:2      | Found an iron altar of Okawaru.
  1981 | D:2      | Became a worshipper of Warmaster Okawaru
  2332 | D:3      | Noticed Grinder
  2349 | D:3      | Killed Grinder
  2349 | D:3      | Reached * piety under Okawaru
  2349 | D:3      | Reached skill level 9 in Axes
  2349 | D:3      | Reached XP level 5. HP: 22/42 MP: 5/5
  2349 | D:3      | Reached XP level 6. HP: 26/50 MP: 6/6
  2482 | D:3      | Noticed Terence
  2493 | D:3      | Killed Terence
  2690 | D:4      | HP: 2/50 [orc priest/divine providence (16)]
  2957 | D:4      | Found a staircase to the Ecumenical Temple.
  3022 | D:4      | Noticed a phantom
  3080 | D:4      | Killed a phantom
  3080 | D:4      | Reached ** piety under Okawaru
  3080 | D:4      | Reached skill level 10 in Axes
  3080 | D:4      | Reached XP level 7. HP: 30/56 MP: 7/7
  3269 | D:4      | Found a basalt altar of Yredelemnul.
  3279 | D:4      | Reached skill level 11 in Axes
  3375 | D:5      | Entered Level 5 of the Dungeon
  4080 | D:6      | Reached XP level 8. HP: 46/62 MP: 8/8
  4129 | D:6      | Reached skill level 12 in Axes
  4282 | D:6      | Mangled by an ogre

Vault maps used:
D:1:      lemuel_arrival_funnel, hangedman_decor_growths, nrook_uturn,
          roderic_lattice_a, kennysheep_flooded_box
D:2:      lemuel_crystal_altar, st_stairs_8
D:3:      uniq_terence, uniq_grinder
D:4:      lemuel_round_altar, minmay_temple_entry_junction, first_bread

Skill      XL: |  1  2  3  4  5  6  7  8 |
---------------+-------------------------+-----
Axes           | 5 6 9 10 11 12 | 12.4
Fighting       | |  2.4
Throwing       | |  1.7
Dodging        | |  2.4

Action                   |  1- 3 |  4- 6 |  7- 9 || total
-------------------------+-------+-------+-------++-------
Melee: War axe           |   112 |   166 |   113 ||   391
  Use: Potion            |       |     6 |     1 ||     7
 Stab: Sleeping          |       |     2 |       ||     2
  Eat: Chunk             |     2 |     5 |     4 ||    11
Armor: Leather armour    |    55 |    32 |       ||    87
       Scale mail        |       |    32 |    35 ||    67
       Skin              |       |       |    12 ||    12
Dodge: Dodged            |    88 |   114 |    55 ||   257
